 Dungeon Crawl Stone Soup version 0.26-a0-720-g2a1d101370 (webtiles) character file.

Game seed: 17395459179466902304

635 mg7810 the Chopper (level 7, 0/60 HPs)
             Began as a Minotaur Berserker on Nov 2, 2020.
             Was a Priest of Trog.
             Slain by a worm (8 damage)
             ... on level 5 of the Dungeon.
             The game lasted 00:08:24 (3831 turns).

mg7810 the Chopper (Minotaur Berserker)             Turns: 3831, Time: 00:08:24

Health: 0/60       AC:  9    Str: 24    XL:     7   Next: 25%
Magic:  6/6        EV:  9    Int:  4    God:    Trog [***...]
Gold:   131        SH:  0    Dex:  9    Spells: 6/6 levels left

rFire    . . .     SeeInvis .   a - +0 hand axe
rCold    . . .     Faith    .   (no shield)
rNeg     . . .     Spirit   .   b - +0 chain mail
rPois    .         Reflect  .   (helmet restricted)
rElec    .         Harm     .   (no cloak)
rCorr    .         Rampage  .   (no gloves)
MR       ++...                  (no boots)
Stlth    ..........             (no amulet)
HPRegen  1.20/turn              (no ring)
MPRegen  0.10/turn              (no ring)

@: berserk cooldown, regenerating, slowed, very slow
A: retaliatory headbutt, horns 2
a: Berserk, Trog's Hand, Renounce Religion


You were on level 5 of the Dungeon.
You worshipped Trog.
Trog was most pleased with you.
You visited 1 branch of the dungeon, and saw 5 of its levels.

You collected 131 gold pieces.

Inventory:

Hand Weapons
 a - a +0 hand axe (weapon)
Missiles
 p - 6 javelins (quivered)
Armour
 b - a +0 chain mail (worn)
Jewellery
 j - an uncursed amulet of guardian spirit
 k - an uncursed ring of see invisible
Wands
 l - a wand of iceblast (6)
Scrolls
 c - 5 scrolls of teleportation
 d - a scroll of immolation {unknown}
 g - 3 scrolls of identify {unknown}
 m - a scroll of enchant armour {unknown}
 n - a scroll of magic mapping {unknown}
 o - a scroll of amnesia {unknown}
Potions
 e - 2 potions of flight {unknown}
 f - a potion of curing
 h - 2 potions of mutation {unknown}
 i - a potion of cancellation {unknown}


   Skills:
 + Level 4.9 Fighting
 + Level 6.2 Axes
 * Level 2.0 Throwing
 + Level 5.0 Armour
 + Level 3.1 Dodging
 + Level 1.6 Unarmed Combat
 * Level 2.3 Evocations


You had 6 spell levels left.
You didn't know any spells.
Your spell library was empty.

Dungeon Overview and Level Annotations

Branches:
Dungeon (5/15)
 Temple: D:4-7

Altars:
Yredelemnul

Annotations:
D:5 Grinder


Innate Abilities, Weirdness & Mutations

You reflexively headbutt those who attack you in melee.
You have a pair of horns on your head.


Message History

A worm comes into view.
Grinder gestures at you.
You struggle to resist.
You slash Grinder! You headbutt Grinder, but do no damage.
Grinder is heavily wounded.
Grinder blinks!
Grinder hits you.
You writhe in agony.
You hit Grinder.
Grinder is heavily wounded.
Grinder says, "Just stop there for a second..."
Grinder gestures at you. Pain shoots through your body!
* * * LOW HITPOINT WARNING * * *
Your chain mail prevents you from hitting Grinder.
Grinder is heavily wounded.
Grinder barely misses you.
Grinder blinks!
Your skin crawls.
You feel resistant to hostile enchantments.
The worm bites you!
You die...

.... ###..#
.....# #.#..#
#.#..# #.#..#
##.#### #.#..#
.......####.#<.#
.....5w@...)[.)#
##..#####.#.#)##
#.#.#.# ....#.#
.P.....#
._......#
.P.P....##
#.....####


You could see Grinder and a worm.

Vanquished Creatures
  Menkaure (D:5)
  A phantom (D:4)
  A centaur (D:4)
  A scorpion (D:4)
  2 hounds (D:4)
  An orc wizard (D:5)
  A centaur skeleton (D:3)
  A worker ant (D:4)
  6 adders
  A white imp (D:5)
  An ooze (D:4)
  4 worms
  4 dart slugs (D:1)
  2 leopard geckos
  6 orcs
  2 giant cockroaches (D:3)
  10 goblins
  A hobgoblin (D:2)
  4 quokkas (D:4)
  A ball python (D:3)
  10 bats
  3 frilled lizards
  2 jackal skeletons
  9 kobolds
  14 rats
89 creatures vanquished.

Notes
Turn   | Place    | Note
-------+----------+-------------------------------------------
     0 | D:1      | mg7810 the Minotaur Berserker began the quest for the Orb.
     0 | D:1      | Reached XP level 1. HP: 19/19 MP: 0/0
   197 | D:1      | Reached XP level 2. HP: 25/27 MP: 1/1
   400 | D:1      | Reached skill level 4 in Axes
  1058 | D:2      | Reached ** piety under Trog
  1143 | D:2      | Reached XP level 3. HP: 33/33 MP: 2/2
  1144 | D:2      | Reached skill level 1 in Unarmed Combat
  1206 | D:2      | Reached skill level 1 in Throwing
  1761 | D:2      | Reached XP level 4. HP: 40/40 MP: 3/3
  2118 | D:3      | Found a faded altar of an unknown god.
  2224 | D:3      | Reached *** piety under Trog
  2470 | D:3      | Reached XP level 5. HP: 46/46 MP: 4/4
  2761 | D:4      | Reached skill level 5 in Axes
  2865 | D:4      | Reached skill level 1 in Evocations
  2900 | D:4      | Noticed a phantom
  2943 | D:4      | Killed a phantom
  2943 | D:4      | Reached XP level 6. HP: 28/53 MP: 5/5
  3805 | D:5      | Entered Level 5 of the Dungeon
  3807 | D:5      | Noticed Menkaure
  3819 | D:5      | Killed Menkaure
  3819 | D:5      | Reached skill level 6 in Axes
  3819 | D:5      | Reached skill level 5 in Armour
  3819 | D:5      | Reached XP level 7. HP: 48/60 MP: 6/6
  3821 | D:5      | Noticed Grinder
  3823 | D:5      | Found a basalt altar of Yredelemnul.
  3831 | D:5      | Slain by a worm

Illustrated notes

Levels and vault maps discovered:
D:1:      roderic_crossed_star, layout_basic
D:2:      layout_basic, minmay_octomino_e4
D:3:      layout_rooms, chequers_ecumenical_altar_simple_redux
D:4:      layout_loops_corners
D:5:      layout_loops_ring, yredelemnul_altar_generic, uniq_grinder,
          uniq_menkaure

Skill      XL: |  1  2  3  4  5  6 |
---------------+-------------------+-----
Axes           | 4 5 6 |  6.2
Unarmed Combat | 1 |  1.6
Fighting       | 4 |  4.9
Throwing       | 1 2 |  2.0
Armour         | 3 4 5 |  5.0
Evocations     | 1 2 |  2.3
Dodging        | 3 |  3.1

Action                   |  1- 3 |  4- 6 |  7- 9 || total
-------------------------+-------+-------+-------++-------
Melee: Hand axe          |    68 |   107 |     5 ||   180
       Headbutt          |    10 |    21 |     1 ||    32
Throw: Javelin           |       |     6 |       ||     6
Invok: Berserk           |       |     3 |       ||     3
       Trog's Hand       |       |     2 |     1 ||     3
  Use: Scroll            |     1 |       |       ||     1
       Potion            |       |     2 |       ||     2
Armor: Animal skin       |    12 |       |       ||    12
       Chain mail        |    29 |    61 |       ||    90
Dodge: Dodged            |    55 |    58 |     4 ||   117

Table legend: (Time is in decaauts)
 A = Elapsed time spent in this place.
 B = Non-inter-level travel time spent in this place.
 C = Inter-level travel time spent in this place.
 D = Time resting spent in this place.
 E = Time spent auto-exploring this place.
 F = Levels seen in this place.
 G = Mean time per level.
                   A        B        C        D        E       F      G
               +--------+--------+--------+--------+--------+-----+--------+
         Total |   3862 |   3742 |    120 |      0 |   3037 |   5 |  772.4 |
       Dungeon |   3862 |   3742 |    120 |      0 |   3037 |   5 |  772.4 |
               +--------+--------+--------+--------+--------+-----+--------+

Top non-repeatable levels by time:
     D:4: 1293 daAuts
     D:2: 1026 daAuts
     D:1: 960 daAuts
     D:3: 557 daAuts
     D:5: 25 daAuts
